 Dungeon Crawl Stone Soup version 0.27.0-1-g7a089689b8 (webtiles) character file.

Game seed: 7648258039443507856

626 sobakacece the Cleaver (level 7, 0/58 HPs)
             Began as a Minotaur Fighter on Aug 15, 2021.
             Was an Initiate of Okawaru.
             Slain by an ogre (6 damage)
             ... on level 5 of the Dungeon.
             The game lasted 00:05:56 (5092 turns).

sobakacece the Cleaver (Minotaur Fighter)           Turns: 5092, Time: 00:05:57

Health: 0/58       AC:  8    Str: 23    XL:     7   Next: 23%
Magic:  6/6        EV:  7    Int: 11    God:    Okawaru [......]
Gold:   522        SH:  9    Dex:  9    Spells: 6/6 levels left

rFire    . . .     SeeInvis .   a - +0 hand axe
rCold    . . .     Faith    .   c - +0 kite shield
rNeg     . . .     Spirit   .   b - +0 scale mail
rPois    .         Reflect  .   (helmet restricted)
rElec    .         Harm     .   h - +0 cloak
rCorr    .         Rampage  .   (no gloves)
Will     .....                  (no boots)
Stlth    ..........             (no amulet)
HPRegen  0.19/turn              t - +6 ring of intelligence
MPRegen  0.10/turn              (no ring)

@: mighty
A: horns 2, retaliatory headbutt, deterioration 1
a: Renounce Religion


You were on level 5 of the Dungeon.
You worshipped Okawaru.
Okawaru was noncommittal.
You visited 1 branch of the dungeon, and saw 5 of its levels.

You collected 522 gold pieces.

Inventory:

Hand Weapons
 a - a +0 hand axe (weapon)
 i - a +2 flail of venom
 r - a +5 short sword
Armour
 b - a +0 scale mail (worn)
 c - a +0 kite shield (worn)
 g - a +0 chain mail
 h - a +0 cloak (worn)
Jewellery
 t - a +6 ring of intelligence (left hand)
Wands
 l - a wand of paralysis (4)
 p - a wand of mindburst (14)
Scrolls
 e - a scroll of identify
 f - a scroll of noise
 s - a scroll of summoning
Potions
 d - 2 potions of might
 j - a potion of flight


   Skills:
 - Level 3.9 Fighting
 + Level 9.3 Axes
 - Level 4.0 Armour
 - Level 3.9 Shields


You had 6 spell levels left.
You didn't know any spells.
Your spell library contained the following spells:

 Spells                   Type           Power      Damage    Failure   Level
 Animate Skeleton         Necr           0%         N/A       98%         1
 Pain                     Necr           0%         1d4       98%         1
 Vampiric Draining        Necr           0%         2d6       100%        3


Dungeon Overview and Level Annotations

Branches:
Dungeon (5/15)
 Temple: D:4-7

Altars:
Makhleb
Nemelex Xobeh
Okawaru
Qazlal
Sif Muna


Innate Abilities, Weirdness & Mutations

You have a pair of horns on your head.
You reflexively headbutt those who attack you in melee.
Your body sometimes deteriorates upon taking damage.


Message History

An orc comes into view. It is wielding a +0 hand axe.
An orc is nearby!
An orc is nearby!
The orc shouts!
You hear a shout!
An ogre comes into view. It is wielding a +0 giant club.
The ogre shouts!
An orc comes into view.
It is wielding a +2 flail of holy wrath.
The orc shouts!
The orc throws a boomerang.
You block the boomerang.
An orc comes into view. It is wielding a +2 vorpal hand axe.
The orc shouts!
You block the orc's attack.
You hit the orc.
The orc is severely wounded.
You hit the orc.
You kill the orc!
Okawaru accepts your kill.
You hit the ogre. You hit the orc. The ogre barely misses you.
You hit the orc. Your headbutt misses the orc.
The orc is heavily wounded.
You slash the ogre!
The orc hits you with a +2 flail of holy wrath.
The ogre hits you with a +0 giant club!
Your shield prevents you from hitting the ogre.
The ogre is heavily wounded.
You hit the orc. You block the orc's attack.
You hit the orc.
You kill the orc!
Okawaru accepts your kill.
You hit the ogre.
The ogre hits you with a +0 giant club!!
An ice beast comes into view.
You are too injured to fight recklessly!
There are monsters nearby!
You feel better. You block the orc's attack.
The ogre hits you with a +0 giant club!!
* * * LOW HITPOINT WARNING * * *
You feel very mighty all of a sudden. The orc hits you but does no damage.
The ogre hits you with a +0 giant club.
You die...

#................... .
#...................
.####)..................
...##...................
#.##...................
#......................
####.......(...........
#.........(...........
#.≈≈○≈≈.......@O......
.##§§≈.≈☼.......)o......
....≈≈_☼☼...............
###☼○≈§☼☼.............Y.
###.≈≈≈○≈...............
.....(..................
.....(..................
........................
#####........


You could see an ice beast, an ogre and an orc.

Vanquished Creatures
  A black bear (D:4)
  An ogre (D:4)
  A centaur zombie (D:3)
  4 orc priests
  A jelly (D:5)
  3 orc wizards
  An iguana (D:5)
  A gnoll (D:1)
  7 adders
  A worm (D:2)
  2 dart slugs
  13 orcs
  6 endoplasms
  4 giant cockroaches
  9 goblins
  9 hobgoblins
  4 jackals (D:1)
  5 kobolds
  3 quokkas
  10 ball pythons
  5 bats
  5 frilled lizards
  2 rats (D:3)
98 creatures vanquished.

Vanquished Creatures (others)
  An orc wizard (D:4)
1 creature vanquished.

Grand Total: 99 creatures vanquished

Notes
Turn   | Place    | Note
-------+----------+-------------------------------------------
     0 | D:1      | sobakacece the Minotaur Fighter began the quest for the
                  | Orb.
     0 | D:1      | Reached XP level 1. HP: 19/19 MP: 0/0
    55 | D:1      | Reached XP level 2. HP: 25/27 MP: 1/1
   356 | D:1      | Reached skill level 3 in Axes
   376 | D:1      | Reached XP level 3. HP: 10/33 MP: 2/2
   737 | D:1      | Found a faded altar of an unknown god.
  1100 | D:1      | Reached skill level 4 in Axes
  2063 | D:2      | Reached XP level 4. HP: 28/40 MP: 3/3
  2384 | D:3      | Found a stormy altar of Qazlal.
  2395 | D:3      | Reached skill level 5 in Axes
  2527 | D:3      | Reached XP level 5. HP: 44/46 MP: 4/4
  2541 | D:3      | Reached skill level 6 in Axes
  2840 | D:3      | Found a sparkling altar of Nemelex Xobeh.
  3104 | D:3      | Identified a scroll of acquirement
  3104 | D:3      | Acquired 331 gold pieces
  3451 | D:4      | Noticed an ogre
  3461 | D:4      | Killed an ogre
  3462 | D:4      | Reached skill level 7 in Axes
  3462 | D:4      | Reached XP level 6. HP: 22/52 MP: 5/5
  3908 | D:4      | Reached skill level 8 in Axes
  4169 | D:4      | Found an iron altar of Okawaru.
  4197 | D:4      | Became a worshipper of Warmaster Okawaru
  4471 | D:4      | Gained mutation: Your body sometimes deteriorates upon
                  | taking damage. [potion of mutation]
  4482 | D:4      | Reached XP level 7. HP: 14/58 MP: 6/6
  4489 | D:4      | Reached skill level 9 in Axes
  4913 | D:4      | Found a burning altar of Makhleb.
  4955 | D:5      | Entered Level 5 of the Dungeon
  5000 | D:5      | Found a shimmering blue altar of Sif Muna.
  5092 | D:5      | Slain by an ogre

Illustrated notes

Levels and vault maps discovered:
D:1:      giann_forest_graveyard, layout_basic,
          dreamdust_ecumenical_altar_angels_and_demons, minmay_misc_feat_pillars
D:2:      layout_basic
D:3:      layout_basic, mainiacjoe_overflow_boulevard, old_standard_altar
D:4:      layout_basic, okawaru_altar_gauntlet_db, mainiacjoe_overflow_alcove_2
D:5:      layout_basic, cheibrodos_worm_habitat, nicolae_sif_muna_condensation,
          gammafunk_ghost_grave, serial_shops, nicolae_shop_waterfront, shop,
          nicolae_shop_crystal, nicolae_shop_trees, uniq_pikel

Skill      XL: |  1  2  3  4  5  6  7 |
---------------+----------------------+-----
Armour         | 4 |  4.0
Axes           | 3 4 5 7 8 9 |  9.3
Fighting       | |  3.9
Shields        | |  3.9

Action                   |  1- 3 |  4- 6 |  7- 9 || total
-------------------------+-------+-------+-------++-------
Melee: War axe           |    65 |       |       ||    65
       Headbutt          |    11 |    20 |     7 ||    38
       Flail             |    22 |   138 |     7 ||   167
       Hand axe          |       |       |    22 ||    22
  Use: Potion            |     1 |     6 |     2 ||     9
       Scroll            |       |     9 |     1 ||    10
 Stab: Invisible         |       |     1 |     1 ||     2
Armor: Scale mail        |    41 |    88 |    10 ||   139
       Skin              |       |     2 |       ||     2
Dodge: Dodged            |    29 |    45 |     6 ||    80
Block: Kite shield       |    47 |    92 |    11 ||   150
